 Dungeon Crawl Stone Soup version 0.26.1-2-gb8aa6d0cf2 (webtiles) character file.

Game seed: 3422146020722918958

167 Ladykiller69 the Chucker (level 5, 9/54 HPs)
             Began as an Ogre Hunter on Mar 17, 2021.
             Was a Follower of Kikubaaqudgha.
             Quit the game on level 3 of the Dungeon.
             The game lasted 00:08:11 (3802 turns).

Ladykiller69 the Chucker (Ogre Hunter)              Turns: 3802, Time: 00:08:12

Health: 9/54       AC:  3    Str: 16    XL:     5   Next: 48%
Magic:  3/5        EV: 10    Int: 12    God:    Kikubaaqudgha [*.....]
Gold:   122        SH:  0    Dex: 10    Spells: 4/4 levels left

rFire    . . .     SeeInvis .   s - +0 flail
rCold    . . .     Faith    .   (no shield)
rNeg     . . .     Spirit   +   b - +0 robe
rPois    .         Reflect  .   (helmet restricted)
rElec    .         Harm     .   (no cloak)
rCorr    .         Rampage  .   (gloves unavailable)
Will     .....                  (boots unavailable)
Stlth    ++........             a - amulet of guardian spirit
HPRegen  0.18/turn              e - ring of stealth
MPRegen  0.09/turn              (no ring)

@: seriously poisoned (9 -> 2)
A: large, unfitting armour, tough skin 1
a: Renounce Religion, Receive Corpses


You were on level 3 of the Dungeon.
You worshipped Kikubaaqudgha.
Kikubaaqudgha was aware of your devotion.
You visited 1 branch of the dungeon, and saw 3 of its levels.

You collected 122 gold pieces.

Inventory:

Hand Weapons
 s - a +0 flail (weapon)
Missiles
 c - 4 large rocks
 l - 81 stones (quivered)
 p - 2 throwing nets
Armour
 b - a +0 robe (worn)
Jewellery
 a - an amulet of guardian spirit (around neck)
 e - a ring of stealth (left hand)
Wands
 d - a wand of random effects (14)
Scrolls
 g - a scroll of teleportation {unknown}
 j - 2 scrolls of identify {unknown}
 k - a scroll of remove curse {unknown}
 m - 2 scrolls of magic mapping {unknown}
 q - 2 scrolls of blinking {unknown}
Potions
 f - 2 potions of attraction {unknown}
 h - a potion of cancellation {unknown}
 i - a potion of brilliance {unknown}
 n - a potion of curing
 o - a potion of haste {unknown}


   Skills:
 + Level 4.0 Fighting
 * Level 2.6 Maces & Flails
 + Level 4.5 Throwing
 + Level 2.7 Dodging
 - Level 0.6 Stealth


You had 4 spell levels left.
You didn't know any spells.
Your spell library contained the following spells:

 Spells                   Type           Power        Failure   Level
 Animate Skeleton         Necr           0%           32%         1
 Pain                     Necr           0%           32%         1
 Sublimation of Blood     Necr           0%           45%         2
 Vampiric Draining        Necr           0%           69%         3


Dungeon Overview and Level Annotations

Branches:
Dungeon (3/15)

Altars:
Ashenzari
Kikubaaqudgha
Xom

Annotations:
D:2 Sigmund


Innate Abilities, Weirdness & Mutations

You are too large for most types of armour.
You have tough skin. (AC +1)


Message History

You are more poisoned.
The adder poisons you!
You miss the adder.
The adder is almost dead.
You feel sick. The adder bites you.
* * * LOW HITPOINT WARNING * * *
You barely miss the adder.
The adder is almost dead.
You feel sick. The adder bites you but does no damage. The adder bites you.
* * * LOW HITPOINT WARNING * * *
You hit the adder.
You kill the adder!
Kikubaaqudgha accepts your kill.
You feel sick.
You feel sick.
You see here an adder corpse.
You don't know any spells.
Okay, then.
Unknown command.
Are you sure you want to abandon this character and quit the game? (Confirm with "yes".)

#.....#...######.#
#.........'.(#.#.#
#..........#.#...#
#......#...#.).#.### #
#.....#.#).#####...###..##
#..#.#._.#.#[.....#......g
#..#..#.#..#......#.......
##.#...#...#......#.......
#########.......@.#......###....#
............#####.#......# ...>.
............# #.#......# ....(
..........### .#......# ....
..........# ......S.# ....
..........#########
..........#.....
..........#.#..########
.#....#...#.#......#.<#


There were no monsters in sight!

Vanquished Creatures
  An orc wizard (D:3)
  Robin (D:2)
  3 adders
  2 oozes (D:1)
  A worm (D:2)
  4 dart slugs
  2 leopard geckos
  4 orcs (D:3)
  4 bats
  2 giant cockroaches
  17 goblins
  11 hobgoblins
  3 jackals (D:1)
  A ball python (D:3)
  A frilled lizard (D:3)
  7 kobolds
  7 rats
71 creatures vanquished.

Notes
Turn   | Place    | Note
-------+----------+-------------------------------------------
     0 | D:1      | Ladykiller69 the Ogre Hunter began the quest for the Orb.
     0 | D:1      | Reached XP level 1. HP: 22/22 MP: 1/1
    67 | D:1      | Reached XP level 2. HP: 9/29 MP: 2/2
   368 | D:1      | Reached skill level 1 in Maces & Flails
   702 | D:1      | Reached XP level 3. HP: 32/37 MP: 3/3
  1696 | D:2      | Noticed Robin
  1862 | D:2      | Reached XP level 4. HP: 24/45 MP: 4/4
  1863 | D:2      | Killed Robin
  2421 | D:2      | Noticed Sigmund
  2929 | D:2      | Found a shimmering altar of Xom.
  3342 | D:3      | Reached XP level 5. HP: 26/54 MP: 5/5
  3557 | D:3      | Found a faded altar of an unknown god.
  3575 | D:3      | Found a broken altar of Ashenzari.
  3783 | D:3      | Became a worshipper of Kikubaaqudgha
  3783 | D:3      | Reached * piety under Kikubaaqudgha
  3783 | D:3      | Identified Kikubaaqudgha's Incunabulum of Dark Arts
                  | (Kikubaaqudgha gifted it to you on level 3 of the Dungeon)
  3783 | D:3      | Received a gift from Kikubaaqudgha
  3802 | D:3      | Quit the game

Illustrated notes

Levels and vault maps discovered:
D:1:      saegor_arrival_simple_e, layout_rooms, minmay_unequal
D:2:      layout_loops_ring, xom_butterflies, uniq_robin, uniq_sigmund
D:3:      layout_basic, ashenzari_altar_1,
          chequers_ecumenical_altar_simple_redux

Skill      XL: |  1  2  3  4  5 |
---------------+----------------+-----
Fighting       | 3 4 |  4.0
Dodging        | 2 |  2.7
Maces & Flails | 1 2 |  2.6
Throwing       | |  4.5
Stealth        | |  0.6

Action                   |  1- 3 |  4- 6 || total
-------------------------+-------+-------++-------
Melee: Short sword       |   103 |       ||   103
       Club              |    19 |    52 ||    71
       Whip              |       |   131 ||   131
       Flail             |       |     6 ||     6
Throw: Large rock        |    11 |     1 ||    12
       Stone             |       |     4 ||     4
       Throwing net      |       |     2 ||     2
  Use: Potion            |       |     1 ||     1
 Stab: Sleeping          |     2 |     2 ||     4
Armor: Robe              |    23 |    38 ||    61
Dodge: Dodged            |    72 |    83 ||   155
